Map: Prion Terraces

Players

PartinG - Winner!

  • Race: Protoss Protoss
  • League: Platinum

ShoWTimE

  • Race: Protoss Protoss

Event: DreamHack ROCCAT LotV Championship

VOD

Have the link to the VOD?

Description

Time

  • Played on: Nov. 28, 2015, 11:59 a.m.
  • Length: 26:48

All games in this series

Show
View Real Time Build Order
Export as new Build Order

PartinG Protoss - Winner!

Build Orders: Nexus First, Blink Stalkers 

Get SALT Encoding   

  12  0:00  Probe (Chrono Boost)  
  13  0:11  Probe (Chrono Boost)  
  14  0:16  Pylon  
  14  0:22  Probe (Chrono Boost)  
  15  0:35  Probe (Chrono Boost)  
  16  0:45  Probe (Chrono Boost)  
  17  0:57  Nexus  
  17  1:07  Gateway  
  17  1:10  Probe (Chrono Boost)  
  18  1:16  Assimilator  
  18  1:22  Assimilator  
  18  1:26  Probe (Chrono Boost)  
  19  1:37  Probe (Chrono Boost)  
  20  1:43  Assimilator  
  20  1:47  Probe (Chrono Boost)  
  21  1:54  Cybernetics Core  
  21  1:58  Probe (Chrono Boost)  
  22  2:06  Pylon  
  23  2:08  Probe (Chrono Boost)  
  23  2:10  Probe (Chrono Boost)  
  24  2:20  Probe x2 (Chrono Boost)  
  26  2:31  Stalker, Warp Gate  
  26  2:32  Probe (Chrono Boost)  
  26  2:37  Mothership Core (Chrono Boost)  
  31  2:43  Pylon  
  31  2:45  Probe (Chrono Boost)  
  32  2:55  Probe (Chrono Boost)  
  32  2:56  Probe (Chrono Boost)  
  32  2:58  Twilight Council  
  34  3:04  Stalker  
  36  3:12  Probe x2 (Chrono Boost)  
  38  3:19  Pylon  
  38  3:28  Probe x2 (Chrono Boost)  
  38  3:31  Gateway  
  40  3:34  Stalker, Blink (Chrono Boost)  
  42  3:42  Probe x2 (Chrono Boost)  
  44  3:49  Gateway  
  44  3:53  Probe x2 (Chrono Boost)  
  46  4:04  Probe (Chrono Boost), Robotics Facility  
  46  4:06  Probe (Chrono Boost)  
  48  4:19  Nexus  
  48  4:22  Probe, Pylon  
  48  4:25  Probe  
  48  4:30  Gateway  
  50  4:35  Gateway  
  50  4:36  Probe  
  51  4:40  Probe  
  51  4:44  Gateway  
  52  4:48  Assimilator  
  52  4:51  Probe  
  54  4:52  Probe  
  54  4:53  Observer (Chrono Boost), Assimilator  
  54  4:56  Pylon  
  55  5:03  Probe  
  55  5:04  Pylon  
  55  5:05  Probe  
  55  5:06  Stalker  
  59  5:10  Stalker  
  59  5:12  Observer (Chrono Boost)  
  62  5:14  Stalker  
  64  5:21  Probe x2  
  66  5:31  Warp Prism (Chrono Boost)  
  66  5:33  Probe x2  
  70  5:36  Stalker x2, Probe  
  75  5:44  Stalker x2  
  79  5:51  Stalker x2  
  83  6:01  Probe  
  83  6:03  Probe x2  
  86  6:05  Stalker x2  
  86  6:07  Observer (Chrono Boost)  
  86  6:10  Robotics Bay  
  91  6:12  Stalker  
  91  6:14  Stalker  
  95  6:20  Stalker  
  95  6:22  Stalker  
  99  6:34  Stalker x2, Pylon  
  99  6:38  Assimilator  
  101  6:42  Assimilator  
  101  6:44  Forge  
  101  6:49  Pylon  
  101  6:50  Probe, Pylon  
  101  6:51  Pylon  
  101  6:52  Probe x2  
  104  7:01  Probe  
  104  7:02  Robotics Facility  
  104  7:04  Adept x2  
  104  7:05  Disruptor (Chrono Boost)  
  104  7:07  Probe x2  
  114  7:09  Adept x2  
  114  7:10  Protoss Ground Weapons Level 1 (Chrono Boost)  
  118  7:15  Probe  
  118  7:19  Probe x2  
  121  7:23  Photon Cannon  
  121  7:24  Photon Cannon  
  121  7:25  Photon Cannon  
  121  7:26  Probe  
  122  7:41  Pylon  
  120  7:46  Disruptor (Chrono Boost)  
  120  7:49  Disruptor (Chrono Boost)  
  126  7:57  Nexus  
  126  7:59  Pylon  
  126  8:02  Pylon  
  126  8:05  Gateway x2, Dark Shrine  
  126  8:06  Photon Cannon  
  126  8:07  Gateway  
  126  8:18  Disruptor (Chrono Boost)  
  129  8:21  Disruptor (Chrono Boost)  
  126  8:37  Photon Cannon  
  126  8:40  Photon Cannon  
  124  8:43  Photon Cannon  
  124  8:47  Stalker x5  
  124  8:48  Stalker  
  136  8:49  Disruptor (Chrono Boost)  
  136  8:51  Protoss Ground Weapons Level 2  
  136  8:52  Disruptor (Chrono Boost)  
  136  9:13  Stalker  
  136  9:14  Stalker x5  
  148  9:18  Stalker x3  
  154  9:42  Stalker  
  154  9:43  Stalker x4  
  164  9:49  Pylon  
  164  9:51  Pylon  
  164  9:53  Gateway  
  164  9:54  Gateway, Pylon  
  164  9:56  Pylon  
  164  9:59  Assimilator  
  164  10:02  Assimilator  
  164  10:10  Stalker x4  
  164  10:11  Stalker x4  
  173  10:41  Stalker x3, Disruptor x2 (Chrono Boost)  
  173  10:42  Stalker x5  
  167  11:02  Stalker  
  169  11:07  Nexus  
  169  11:10  Pylon  
  167  11:12  Disruptor (Chrono Boost), Pylon  
  167  11:13  Stalker x6  
  182  11:26  Disruptor (Chrono Boost)  
  182  11:31  Stalker x2  
  182  11:32  Zealot  
  183  11:43  Disruptor (Chrono Boost)  
  183  11:46  Stalker x2  
  183  11:47  Stalker x4  
  150  11:57  Dark Templar, Assimilator  
  150  11:58  Dark Templar, Assimilator  
  154  12:03  Dark Templar  
  156  12:16  Disruptor x2 (Chrono Boost)  
  162  12:49  Disruptor x2 (Chrono Boost)  
  168  12:55  Stalker x7  
  168  12:56  Stalker x2  
  174  13:18  Dark Templar  
  174  13:19  Dark Templar x2  
  180  13:20  Disruptor (Chrono Boost), Warp Prism (Chrono Boost)  
  180  13:24  Photon Cannon  
  180  13:26  Protoss Ground Weapons Level 3, Photon Cannon  
  185  13:27  Stalker x4  
  185  13:28  Stalker  
  185  13:31  Stalker  
  197  13:35  Gravitic Drive  
  197  13:52  Observer x2 (Chrono Boost)  
  192  14:23  Nexus  
  188  14:26  Pylon  
  188  14:28  Stalker x6, Pylon  
  192  14:31  Stalker  
  192  14:32  Stalker x3  
  200  14:45  Dark Templar  
  197  15:04  Stalker x2  
  199  15:18  Stalker x2  
  200  15:35  Stalker  
  200  15:48  Protoss Ground Armor Level 1  
  194  15:52  Observer x2 (Chrono Boost)  
  180  16:07  Stalker x11  
  198  16:17  Stargate  
  195  16:18  Stargate  
  191  16:31  Stalker x6  
  197  17:03  Dark Templar  
  197  17:08  Fleet Beacon  
  197  17:10  Stargate  
  189  17:40  Protoss Shields Level 1, Protoss Air Weapons Level 1 (Chrono Boost)  
  189  17:47  Assimilator  
  189  17:51  Tempest x3 (Chrono Boost), Assimilator  
  189  17:55  Photon Cannon  
  189  17:56  Photon Cannon  
  189  17:58  Photon Cannon  
  197  18:00  Photon Cannon  
  192  18:28  Tempest x2  
  194  19:00  Oracle  
  191  19:03  Nexus  
  191  19:05  Tempest, Pylon  
  195  19:19  Tempest  
  195  19:26  Protoss Air Weapons Level 2 (Chrono Boost)  
  199  19:32  Pylon  
  199  19:34  Pylon  
  199  19:37  Pylon  
  199  19:38  Photon Cannon  
  199  19:40  Photon Cannon  
  199  19:42  Photon Cannon  
  199  19:44  Photon Cannon  
  199  19:45  Pylon  
  197  19:54  Tempest  
  194  20:15  Tempest  
  194  20:16  Tempest  
  184  20:43  Tempest  
  184  20:46  Stalker x2  
  192  20:53  Tempest  
  192  20:58  Protoss Shields Level 2  
  196  21:09  Dark Templar, Assimilator  
  196  21:13  Tempest  
  194  21:19  Assimilator  
  183  21:34  Tempest x2  
  185  21:50  Tempest  
  188  22:12  Tempest  
  192  22:39  Nexus  
  192  22:41  Pylon  
  192  22:44  Pylon  
  182  22:52  Stalker x2  
  182  22:53  Stalker x7  
  199  23:13  Protoss Air Weapons Level 3 (Chrono Boost)  
  162  23:20  Stalker x7  
  162  23:21  Stalker x2  
  126  23:42  Stalker x2  
  119  24:01  Templar Archives  
  119  24:02  Stalker  
  119  24:03  Stalker x6  
  133  24:14  Stalker x2  
  137  24:24  Dark Templar  
  131  24:33  Observer x2 (Chrono Boost)  
  131  24:34  Dark Templar x2  
  132  24:53  Observer x2 (Chrono Boost)  
  132  24:56  Photon Cannon  
  132  24:59  Photon Cannon  
  129  25:12  Observer x2 (Chrono Boost)  
  131  25:20  Stalker x3  
  126  25:40  Observer (Chrono Boost)  
  126  25:41  Observer (Chrono Boost)  
  123  25:54  Pylon  
  117  26:07  Stalker x4  
  117  26:08  Probe  
  126  26:13  Probe  
Show
View Real Time Build Order
Export as new Build Order

ShoWTimE Protoss 

Build Orders: 1 Gate Expand 

Get SALT Encoding   

  12  0:00  Probe (Chrono Boost)  
  13  0:11  Probe (Chrono Boost)  
  14  0:17  Pylon  
  14  0:22  Probe (Chrono Boost)  
  15  0:36  Probe (Chrono Boost), Gateway  
  15  0:42  Assimilator  
  16  0:46  Probe (Chrono Boost)  
  18  0:57  Probe (Chrono Boost)  
  18  1:07  Probe (Chrono Boost)  
  19  1:21  Nexus  
  19  1:24  Probe (Chrono Boost)  
  20  1:36  Cybernetics Core  
  20  1:37  Probe (Chrono Boost)  
  21  1:46  Pylon  
  21  1:48  Probe (Chrono Boost)  
  22  1:58  Probe (Chrono Boost)  
  23  2:09  Probe (Chrono Boost), Assimilator  
  23  2:12  Stalker  
  23  2:13  Warp Gate  
  26  2:19  Probe (Chrono Boost)  
  29  2:30  Mothership Core (Chrono Boost)  
  29  2:33  Probe (Chrono Boost)  
  31  2:44  Probe (Chrono Boost)  
  31  2:47  Pylon  
  31  2:48  Probe (Chrono Boost)  
  32  2:55  Probe (Chrono Boost)  
  33  2:59  Probe (Chrono Boost)  
  33  3:05  Probe (Chrono Boost)  
  35  3:06  Stargate  
  35  3:09  Probe (Chrono Boost)  
  35  3:11  Stalker  
  38  3:16  Probe (Chrono Boost)  
  38  3:17  Pylon  
  39  3:20  Probe (Chrono Boost)  
  39  3:26  Probe (Chrono Boost)  
  41  3:30  Probe (Chrono Boost)  
  42  3:37  Probe (Chrono Boost)  
  42  3:39  Robotics Facility  
  42  3:40  Assimilator  
  44  3:41  Stalker, Probe (Chrono Boost)  
  45  3:49  Pylon  
  45  3:53  Probe (Chrono Boost), Gateway  
  45  3:54  Probe (Chrono Boost), Gateway  
  47  4:00  Pylon  
  47  4:06  Probe x2 (Chrono Boost)  
  49  4:10  Pylon  
  49  4:16  Probe (Chrono Boost), Twilight Council  
  49  4:17  Probe (Chrono Boost)  
  51  4:21  Assimilator  
  51  4:26  Observer (Chrono Boost)  
  51  4:27  Probe  
  51  4:29  Stalker  
  55  4:32  Probe  
  55  4:34  Pylon  
  56  4:39  Probe  
  56  4:43  Blink (Chrono Boost)  
  56  4:45  Immortal (Chrono Boost)  
  61  4:52  Pylon  
  61  4:58  Stalker  
  63  5:01  Stalker  
  65  5:09  Probe  
  65  5:11  Probe  
  67  5:20  Nexus  
  67  5:21  Pylon  
  67  5:22  Observer (Chrono Boost)  
  67  5:25  Forge  
  67  5:27  Probe x2  
  70  5:34  Robotics Bay  
  70  5:39  Probe x2  
  72  5:45  Stalker x2  
  72  5:48  Stalker  
  78  5:51  Probe x2  
  80  6:00  Immortal (Chrono Boost)  
  80  6:03  Protoss Ground Weapons Level 1 (Chrono Boost)  
  83  6:06  Probe x2  
  85  6:17  Photon Cannon  
  85  6:19  Stalker x2, Pylon  
  89  6:28  Stalker  
  91  6:37  Disruptor (Chrono Boost)  
  91  6:39  Pylon  
  94  6:42  Stalker x2  
  98  6:52  Stalker  
  100  6:54  Gateway  
  100  6:55  Probe  
  100  6:56  Probe x2, Gateway  
  103  7:06  Probe, Assimilator  
  103  7:08  Probe, Disruptor (Chrono Boost)  
  107  7:09  Assimilator  
  107  7:11  Robotics Facility  
  108  7:16  Stalker x2  
  108  7:21  Stalker  
  108  7:22  Probe  
  114  7:23  Probe  
  114  7:27  Pylon  
  114  7:28  Probe  
  116  7:30  Photon Cannon  
  116  7:39  Disruptor (Chrono Boost)  
  116  7:42  Stalker  
  119  7:47  Probe  
  119  7:48  Probe  
  119  7:51  Stalker x2  
  125  7:56  Disruptor (Chrono Boost)  
  125  7:57  Protoss Ground Weapons Level 2 (Chrono Boost)  
  128  8:03  Pylon  
  128  8:06  Disruptor (Chrono Boost)  
  128  8:11  Gateway  
  131  8:13  Gateway  
  131  8:15  Photon Cannon  
  131  8:16  Stalker, Pylon  
  131  8:17  Stalker  
  131  8:18  Pylon  
  135  8:21  Pylon  
  135  8:25  Disruptor  
  135  8:33  Stalker x3  
  144  8:37  Probe  
  145  8:42  Disruptor  
  148  8:51  Stalker  
  148  8:52  Stalker  
  148  8:54  Nexus  
  148  8:55  Pylon  
  152  9:01  Disruptor  
  138  9:05  Stalker x3  
  147  9:15  Pylon  
  147  9:17  Pylon, Photon Cannon  
  147  9:18  Stalker  
  147  9:24  Disruptor  
  152  9:41  Stalker x2  
  152  9:45  Stalker x2  
  158  9:48  Probe x2  
  160  9:59  Stargate  
  160  10:00  Stalker  
  160  10:05  Disruptor  
  160  10:06  Stalker x2  
  166  10:07  Protoss Ground Weapons Level 3 (Chrono Boost)  
  161  10:29  Stalker x6  
  161  10:30  Stalker  
  167  10:36  Disruptor  
  164  10:44  Assimilator  
  164  10:45  Assimilator  
  164  10:56  Stalker x3  
  164  10:57  Stalker x3  
  166  11:11  Nexus  
  166  11:14  Disruptor  
  166  11:18  Nexus, Pylon  
  166  11:20  Stalker x4  
  135  11:47  Disruptor  
  129  11:48  Stalker x6  
  129  11:49  Stalker  
  146  11:56  Probe  
  147  12:05  Fleet Beacon  
  147  12:06  Disruptor  
  147  12:09  Assimilator  
  147  12:11  Assimilator  
  147  12:14  Pylon  
  148  12:19  Stalker  
  148  12:20  Stalker  
  152  12:24  Assimilator  
  152  12:25  Assimilator  
  152  12:28  Stalker  
  152  12:29  Stalker x2  
  158  12:30  Observer  
  158  12:32  Zealot x2  
  163  12:46  Stalker x2  
  167  12:57  Stalker x4  
  172  12:59  Disruptor  
  175  13:19  Pylon  
  175  13:20  Stargate  
  175  13:31  Photon Cannon  
  175  13:32  Photon Cannon  
  175  13:38  Photon Cannon  
  175  13:49  Tempest (Chrono Boost)  
  179  14:05  Photon Cannon  
  179  14:06  Tempest (Chrono Boost)  
  183  14:12  Stalker  
  183  14:13  Stalker x2  
  183  14:14  Observer  
  184  14:33  Tempest (Chrono Boost)  
  188  14:42  Stalker x4  
  196  14:51  Disruptor  
  176  15:03  Tempest (Chrono Boost)  
  176  15:05  Stalker x3  
  179  15:24  Disruptor  
  179  15:41  Tempest (Chrono Boost)  
  179  15:49  Nexus  
  166  15:50  Tempest (Chrono Boost)  
  161  16:07  Observer  
  161  16:10  Nexus, Photon Cannon  
  159  16:24  Tempest (Chrono Boost)  
  153  16:34  Probe  
  153  16:35  Probe  
  153  16:36  Probe x2  
  157  16:43  Stalker x2  
  161  16:56  Stalker x4  
  161  17:00  Disruptor  
  172  17:18  Stalker  
  172  17:19  Stalker  
  172  17:31  Disruptor  
  172  17:32  Probe x3  
  178  17:39  Stalker x2  
  182  17:44  Probe x2  
  182  17:45  Probe x2  
  186  18:02  Tempest (Chrono Boost), Disruptor  
  193  18:22  Tempest (Chrono Boost)  
  195  18:33  Disruptor  
  196  18:47  Assimilator x2  
  196  18:48  Tempest (Chrono Boost)  
  200  18:52  Nexus  
  190  19:05  Oracle (Chrono Boost)  
  190  19:06  Observer  
  182  19:25  Tempest (Chrono Boost)  
  186  19:33  Probe x2  
  186  19:34  Pylon  
  188  19:43  Stalker x5  
  191  20:07  Tempest (Chrono Boost)  
  191  20:12  Tempest (Chrono Boost)  
  184  20:35  Photon Cannon  
  178  20:43  Tempest (Chrono Boost)  
  178  20:44  Stalker x4  
  178  20:45  Protoss Shields Level 1  
  178  20:48  Oracle (Chrono Boost)  
  193  20:51  Stalker  
  193  20:52  Stalker  
  197  20:58  Protoss Air Weapons Level 1 (Chrono Boost)  
  197  21:03  Stalker  
  197  21:29  Observer  
  198  21:33  Dark Shrine  
  198  21:35  Gateway  
  198  21:38  Gateway  
  196  21:50  Stalker x4  
  196  22:04  Pylon  
  196  22:07  Pylon  
  196  22:10  Pylon  
  196  22:12  Observer  
  196  22:13  Pylon  
  193  22:15  Pylon  
  189  22:27  Stargate  
  189  22:30  Stalker  
  189  22:31  Stalker x4  
  189  22:33  Observer  
  184  22:52  Stalker x4  
  192  23:04  Stargate  
  192  23:06  Stalker  
  192  23:07  Stalker x3  
  172  23:29  Stalker x2  
  172  23:30  Stalker x6  
  172  23:31  Stalker  
  133  23:53  Dark Templar x5  
  133  23:54  Stalker x3  
  147  24:14  Pylon  
  147  24:18  Stalker  
  147  24:19  Stalker x3  
  136  24:37  Stalker x5  
  136  24:44  Stalker  
  136  24:45  Stalker x2  
  138  24:52  Observer  
  139  24:58  Stalker  
  130  25:10  Observer Gravitic Boosters  
  130  25:13  Observer  
  131  25:14  Stalker x4  
  131  25:15  Stalker  
  141  25:24  Stalker x2  
  144  25:31  Dark Templar  
  115  25:56  Stalker  

Tags
 
Add a new tag
Caveats
  • Supply blocks, unpowered buildings, or Contaminate may cause inaccurate times.
  • Supply counts are checked every 10 seconds.